 Dungeon Crawl Stone Soup version 0.19.4-8-ga85b6b9 (webtiles) character file.

70 Gargoyl the Skirmisher (level 4, 0/40 HPs)
             Began as a Ghoul Abyssal Knight on Feb 14, 2017.
             Was a Follower of Lugonu.
             Slain by Sigmund
             ... wielding a +1 scythe of flaming
              (2 damage)
             ... on level 2 of the Dungeon.
             The game lasted 00:03:02 (1538 turns).

Gargoyl the Skirmisher (Ghoul Abyssal Knight)       Turns: 1538, Time: 00:03:02

Health: 0/40       AC:  8    Str: 15    XL:     4   Next: 22%
Magic:  4/4        EV: 10    Int:  9    God:    Lugonu [*.....]
Gold:   127        SH:  0    Dex:  9    Spells: 0 memorised, 3 levels left

rFire  + . .     SeeInvis .     a - +1 hand axe
rCold  + + .     Gourm    .     g - +0 ring mail
rNeg   + + +     Faith    .     (no shield)
rPois  ∞         Spirit   .     (no helmet)
rElec  +         Reflect  .     (no cloak)
rCorr  +         Harm     .     (no gloves)
MR     .....                    (no boots)
Stlth  ..........               (no amulet)
                                f - +2 ring of intelligence (curse)
                                d - +3 ring of protection

@: resistant, rotting
A: rotting body, claws 1, carnivore 3, cold resistance 1, negative energy
resistance 3, slow regeneration 1, torment resistance, unbreathing
a: Depart the Abyss, Renounce Religion


You were on level 2 of the Dungeon.
You worshipped Lugonu.
Lugonu was aware of your devotion.
You were not hungry.

You visited 1 branch of the dungeon, and saw 2 of its levels.
You visited the Abyss 1 time.

You collected 127 gold pieces.

Inventory:

Hand Weapons
 a - a +1 hand axe (weapon)
Armour
 g - a +0 ring mail (worn)
Jewellery
 d - a +3 ring of protection (left claw)
 f - a cursed +2 ring of intelligence (right claw)
Scrolls
 i - a scroll of remove curse
Potions
 e - a potion of brilliance
Comestibles
 b - 8 chunks of flesh
 c - a meat ration
 l - a beef jerky


   Skills:
 + Level 4.2 Fighting
 + Level 2.5 Axes
 * Level 2.2 Armour
 + Level 0.8 Dodging
 * Level 2.4 Invocations


You had 3 spell levels left.
You didn't know any spells.

Dungeon Overview and Level Annotations

Branches:
Dungeon (2/15)

Altars:

Annotations:
D:2 Sigmund


Innate Abilities, Weirdness & Mutations

Your body is rotting away.
You thrive on raw meat.
You are immune to poison.
You have sharp fingernails.
You are carnivorous and can eat meat at any time.
Your flesh is cold resistant. (rC+)
You are immune to negative energy. (rN+++)
You regenerate slowly when monsters are visible.
You are immune to unholy pain and torment.
You can survive without breathing.


Message History

Sigmund is moderately wounded.
Sigmund hits you but does no damage.
You barely miss Sigmund.
Sigmund is moderately wounded.
You closely miss Sigmund.
Sigmund is moderately wounded.
Sigmund hits you with a scythe of flaming.
You closely miss Sigmund.
Sigmund is moderately wounded.
Sigmund hits you but does no damage.
You hit Sigmund.
Sigmund is moderately wounded.
Sigmund hits you with a scythe of flaming.
Sigmund burns you.
You closely miss Sigmund.
Sigmund is moderately wounded.
Sigmund hits you with a scythe of flaming!
* * * LOW HITPOINT WARNING * * *
Sigmund burns you.
You die...

.....#.# #........# .....#.#
#........# .....#.# #........#
######.# #........# ####.###
#........# #......# ####....##
#......# #### #....#
#......########...#######....##
#.............@$...............
#......########@..#######.....#
#......# ...# #...... #......#
#### #....#. #......# ######.
#......# #. ###......# ##
.........# # .......### #


You could see Sigmund.

Vanquished Creatures
  A gnoll (D:1)
  2 adders (D:2)
  A worm (D:2)
  2 dart slugs
  A leopard gecko (D:1)
  A giant cockroach (D:1)
  4 goblins (D:1)
  3 hobgoblins
  4 jackals (D:2)
  2 bats (D:2)
  8 frilled lizards
  3 kobolds (D:1)
  6 rats
38 creatures vanquished.

Notes
Turn   | Place    | Note
-------+----------+-------------------------------------------
     0 | Abyss:1  | Gargoyl the Ghoul Abyssal Knight began the quest for the Orb.
     0 | Abyss:1  | Reached XP level 1. HP: 19/19 MP: 1/1
    83 | Abyss:1  | Noticed a neqoxec
    85 | Abyss:1  | Noticed a fire giant zombie
    95 | Abyss:1  | Noticed a spatial maelstrom
    97 | Abyss:1  | Noticed a spatial vortex
    97 | D:1      | Escaped the Abyss
   171 | D:1      | Reached skill level 4 in Fighting
   171 | D:1      | Reached XP level 2. HP: 20/27 MP: 2/2
   279 | D:1      | Reached * piety under Lugonu
   530 | D:1      | Reached XP level 3. HP: 30/33 MP: 3/3
  1415 | D:2      | Reached XP level 4. HP: 29/40 MP: 4/4
  1527 | D:2      | Noticed Sigmund
  1538 | D:2      | HP: 2/40 [Sigmund/scythe of flaming (11)]
  1538 | D:2      | Slain by Sigmund

Skill      XL: |  1  2  3 |
---------------+----------+-----
Fighting       | 4 |  4.2
Armour         | 2 |  2.2
Axes           | 2 |  2.5
Dodging        | |  0.8
Invocations    | |  2.4

Action                   |  1- 3 |  4- 6 || total
-------------------------+-------+-------++-------
Melee: Hand axe          |    83 |    14 ||    97
Invok: Depart the Abyss  |     1 |       ||     1
  Use: Scroll            |     3 |       ||     3
       Potion            |     4 |     5 ||     9
  Eat: Chunk             |     8 |     2 ||    10
Armor: Leather armour    |     7 |       ||     7
       Ring mail         |    39 |     4 ||    43
Dodge: Dodged            |    51 |     5 ||    56
